 Dungeon Crawl Stone Soup version 0.28.0-49-g6dfe1f597d (webtiles) character file.

Game seed: 11456344160870922471

3617 Zeld the Firebug (level 10, -2/71 HPs)
             Began as a Human Fire Elementalist on May 14, 2022.
             Was a Believer of Vehumet.
             Succumbed to a gnoll sergeant's poison
             ... on level 7 of the Dungeon.
             The game lasted 00:11:54 (10377 turns).

Zeld the Firebug (Human Fire Elementalist)         Turns: 10377, Time: 00:11:55

Health: -2/71      AC:  3    Str:  8    XL:     10   Next: 32%
Magic:  7/18       EV: 13    Int: 26    God:    Vehumet [**....]
Gold:   304        SH:  0    Dex: 14    Spells: 13/20 levels left

rFire   . . .      SeeInvis .   a - +2 scimitar (pain)
rCold   . . .      Faith    .   (no shield)
rNeg    . . .      Spirit   .   g - +0 robe
rPois   .          Reflect  .   o - +0 helmet
rElec   .          Harm     .   i - scarf {repulsion}
rCorr   .          Rampage  .   (no gloves)
Will    .....                   (no boots)
Stlth   +++.......              (no amulet)
HPRegen 0.21/turn               z - +6 ring of intelligence
MPRegen 0.16/turn               (no ring)

@: mighty, lethally poisoned (-2 -> -22), repel missiles
A: no striking features
a: Renounce Religion


You were on level 7 of the Dungeon.
You worshipped Vehumet.
Vehumet was pleased with you.
You visited 2 branches of the dungeon, and saw 8 of its levels.
You also visited: Bailey.

You collected 379 gold pieces.
You spent 75 gold pieces at shops.

Inventory:

Hand Weapons
 a - a +2 scimitar of pain (weapon)
Armour
 g - a +0 robe (worn)
 i - a scarf of repulsion (worn)
 o - a +0 helmet (worn)
Jewellery
 z - a +6 ring of intelligence (left hand)
Wands
 q - a wand of mindburst (23)
 u - a wand of flame (16)
 C - a wand of iceblast (13)
Scrolls
 b - a scroll of fear {unknown}
 c - 2 scrolls of teleportation {unknown}
 e - 2 scrolls of enchant weapon {unknown}
 n - a scroll of enchant armour {unknown}
 p - a scroll of immolation {unknown}
 r - 4 scrolls of holy word {unknown}
 w - 3 scrolls of identify {unknown}
 x - a scroll of torment {unknown}
 y - a scroll of noise {unknown}
Potions
 f - 5 potions of might
 h - 3 potions of flight {unknown}
 j - 3 potions of haste {unknown}
 k - 3 potions of brilliance {unknown}
 l - 2 potions of heal wounds {unknown}
 m - 4 potions of lignification {unknown}
 s - 2 potions of cancellation {unknown}
 t - a potion of degeneration {unknown}
 v - 2 potions of resistance {unknown}
 A - 2 potions of mutation {unknown}
 B - a potion of invisibility {unknown}


   Skills:
 + Level 3.9 Fighting
 * Level 5.6 Long Blades
 + Level 4.4 Dodging
 + Level 4.8 Stealth
 * Level 5.7 Spellcasting
 + Level 4.1 Conjurations
 * Level 6.6 Fire Magic
 * Level 5.3 Evocations


You had 13 spell levels left.
You knew the following spells:

 Your Spells              Type           Power      Damage    Failure   Level
a - Foxfire               Conj/Fire      100%       2x1d9     1%          1
b - Scorch                Fire           82%        2d9       1%          2
c - Flame Wave            Conj/Fire      35%        2d8       8%          4

Your spell library contained the following spells:

 Spells                   Type           Power      Damage    Failure   Level
 Static Discharge         Conj/Air       18%        N/A       4%          2
 Conjure Flame            Conj/Fire      35%        6-21      2%          3
 Inner Flame              Hex/Fire       24%        N/A       5%          3
 Summon Ice Beast         Ice/Summ       7%         N/A       56%         4
 Summon Mana Viper        Hex/Summ       7%         N/A       89%         5
 Monstrous Menagerie      Summ           3%         N/A       100%        7


Dungeon Overview and Level Annotations

Branches:
Dungeon (7/15)             Temple (1/1) D:4          Bailey (visited)

Altars:
Ashenzari
Cheibriados
Elyvilon
Fedhas
Gozag
Hepliaklqana
Kikubaaqudgha
Makhleb
Nemelex Xobeh
Okawaru
Qazlal
Trog
Uskayaw
Vehumet
Wu Jian
Xom
Yredelemnul
Zin
The Shining One

Shops:
D:3 *


Message History

* * * LOW HITPOINT WARNING * * *
You feel extremely sick.
* * * LOW HITPOINT WARNING * * *
You feel very sick.
It was a potion of might.
You feel very mighty all of a sudden.
* * * LOW HITPOINT WARNING * * *
You feel very sick.
Unknown command.
It was a potion of curing.
You feel better.
Unknown command.
Unknown command.
Casting: Scorch (safe; 1% risk of failure)
Confirm with . or Enter, or press ? or * to list all spells.
Flames lash the gnoll sergeant.
The gnoll sergeant is severely wounded.
The gnoll sergeant's fire resistance burns away.
The gnoll sergeant hits you from afar with a +2 spear of venom!
* * * LOW HITPOINT WARNING * * *
You are poisoned.
Okay, then.
Casting: Scorch (safe; 1% risk of failure)
Confirm with . or Enter, or press ? or * to list all spells.
Flames lash the gnoll sergeant.
The gnoll sergeant is burned terribly!
The gnoll sergeant is almost dead.
* * * LOW HITPOINT WARNING * * *
You feel very sick.
The gnoll sergeant hits you from afar with a +2 spear of venom!
* * * LOW HITPOINT WARNING * * *
You are more poisoned.
Unknown command.
Unknown command.
You feel better.
The gnoll sergeant hits you from afar with a +2 spear of venom!
* * * LOW HITPOINT WARNING * * *
You are lethally poisoned!
Unknown command.
Unknown command.
Okay, then.
You die...

####...###.!### ###
..##.....#..#.# ...#
#......###..#.#..###.
####....).....gg....?
#.......#.######## #
#.........g.#.#
####.......#.#...##
##.........#..#...#
##.#.......##...@.######
##.#############.......##
...# ##..)....# .###
#..8#..#)8# ###########
#...#..# # ....≈≈≈≈≈≈≈
#..#..... ....≈##≈
##........# ....≈##
#.....#.## ....≈S#
#..#...##


You could see a gnoll sergeant (combustible).

Vanquished Creatures
  Pikel (D:7)
  Maggie (D:6)
  Prince Ribbit (D:5)
  Eustachio (D:5)
  A steam dragon (D:7)
  Edmund (D:6)
  A water moccasin (D:7)
  3 orc warriors (Bailey)
  2 black bears (D:6)
  2 ogres (D:4)
  A lemure (D:6)
  A bullfrog (D:6)
  Blork the orc (D:6)
  2 scorpions
  2 wyvern skeletons (D:6)
  3 water moccasin skeletons
  A howler monkey (D:3)
  2 bullfrog zombies
  6 hounds
  2 centaur skeletons (D:5)
  4 jellies
  Crazy Yiuf (D:6)
  2 bullfrog skeletons
  An orc priest (D:6)
  3 iguanas
  2 orc wizards (D:5)
  2 hound skeletons
  13 gnolls
  11 adders
  A shadow imp (D:6)
  A white imp (D:5)
  3 ufetubi (D:5)
  2 worms
  2 dart slugs
  20 orcs
  4 ball pythons
  4 bats
  12 endoplasms
  2 giant cockroaches
  7 hobgoblins
  4 quokkas
  4 frilled lizards
  3 goblins
  14 kobolds
  6 rats
163 creatures vanquished.

Vanquished Creatures (others)
  91 foxfires
91 creatures vanquished.

Grand Total: 254 creatures vanquished

Notes
Turn   | Place    | Note
-------+----------+-------------------------------------------
     0 | D:1      | Zeld the Human Fire Elementalist began the quest for the
                  | Orb.
     0 | D:1      | Reached XP level 1. HP: 13/13 MP: 3/3
   162 | D:1      | Reached XP level 2. HP: 19/19 MP: 3/5
   952 | D:1      | Reached XP level 3. HP: 17/25 MP: 4/6
   965 | D:1      | Learned a level 2 spell: Scorch
  1273 | D:1      | Reached skill level 1 in Long Blades
  1614 | D:2      | Reached XP level 4. HP: 31/31 MP: 0/7
  1880 | D:2      | You fall into a shaft and drop 2 floors!
  1950 | D:3      | Found Ettel's Assorted Antiques.
  1954 | D:3      | Bought 2 fuming orange potions for 48 gold pieces
  1954 | D:3      | Bought a scroll labelled QIRENIBBOK for 27 gold pieces
  1969 | D:3      | Reached skill level 1 in Fighting
  2294 | D:2      | Reached XP level 5. HP: 37/37 MP: 3/8
  2299 | D:2      | Learned a level 4 spell: Flame Wave
  3686 | D:4      | Noticed an ogre
  3690 | D:4      | Killed an ogre
  3691 | D:4      | Reached XP level 6. HP: 43/43 MP: 3/10
  3798 | D:4      | Reached skill level 1 in Evocations
  3799 | D:4      | Identified the +1 leather armour "Irrea" {Harm Fly}
  3886 | D:4      | Reached skill level 4 in Fire Magic
  4125 | D:4      | Noticed an ogre
  4163 | D:4      | Killed an ogre
  4164 | D:4      | Reached XP level 7. HP: 6/49 MP: 6/11
  4520 | D:4      | Found a staircase to the Ecumenical Temple.
  4642 | Temple   | Entered the Ecumenical Temple
  4685 | Temple   | Became a worshipper of Vehumet
  5755 | D:5      | Entered Level 5 of the Dungeon
  5819 | D:5      | Reached XP level 8. HP: 53/56 MP: 1/13
  5921 | D:5      | Noticed Eustachio
  6123 | D:5      | Killed Eustachio
  6380 | D:5      | Noticed Prince Ribbit
  6505 | D:5      | Killed Prince Ribbit
  6506 | D:5      | Reached skill level 5 in Fire Magic
  6937 | D:5      | Reached * piety under Vehumet
  6937 | D:5      | Offered knowledge of Freeze by Vehumet.
  7182 | D:5      | Reached XP level 9. HP: 55/62 MP: 8/15
  8153 | D:6      | Noticed Maggie
  8159 | D:6      | Killed Maggie
  8331 | D:6      | Reached skill level 5 in Spellcasting
  8413 | D:6      | Found a runed translucent door.
  8414 | D:6      | Noticed Crazy Yiuf
  8482 | D:6      | Noticed Blork the orc
  8484 | D:6      | Noticed Edmund
  8488 | D:6      | Killed Blork the orc
  8496 | D:6      | Killed Edmund
  8497 | D:6      | Reached skill level 6 in Fire Magic
  8635 | D:6      | Reached skill level 5 in Long Blades
  8928 | D:6      | Killed Crazy Yiuf
  9328 | D:7      | Noticed Pikel
  9342 | D:7      | Found a flagged portal.
  9350 | D:7      | Reached XP level 10. HP: 19/70 MP: 7/17
  9463 | Bailey   | Entered a bailey
  9612 | Bailey   | Reached ** piety under Vehumet
  9719 | Bailey   | Offered knowledge of Static Discharge by Vehumet.
  9859 | Bailey   | Noticed an orc knight
  9859 | Bailey   | Noticed an orc knight
 10016 | D:7      | Found a hazy altar of Hepliaklqana.
 10029 | D:7      | Killed Pikel
 10030 | D:7      | Reached skill level 5 in Evocations
 10375 | D:7      | HP: 3/71 [gnoll sergeant/+2 spear of venom (8)]
 10377 | D:7      | Succumbed to a gnoll sergeant's poison

Illustrated notes

Levels and vault maps discovered:
D:1:      lightli_arrival_lavapool, layout_basic, kennysheep_pointless_box
D:2:      cheibrodos_helix_gallery, layout_rooms, minmay_misc_feat_columns,
          chequers_garden, grunt_ministairs_7
D:3:      layout_basic, serial_shops, shop
D:4:      cheibrodos_barr_body, layout_gridville, minmay_temple_entry_grid
D:5:      layout_loops_ring, uniq_eustachio, uniq_prince_ribbit1
D:6:      layout_rooms, uniq_maggie, uniq_blork_the_orc,
          uniq_crazy_yiuf_cottage, uniq_edmund
D:7:      layout_rooms, old_standard_altar, enter_bailey_2,
          lightli_ossuary_entry_decrepit_ruins, minmay_misc_feat_nine_boxes,
          lightli_minifort, uniq_pikel
Temple:   compressed_dpeg_circular_temple

Skill      XL: |  1  2  3  4  5  6  7  8  9 10 |
---------------+-------------------------------+-----
Long Blades    | 1 2 3 4 5 |  5.6
Fighting       | 1 2 3 |  3.9
Spellcasting   | 3 4 5 |  5.7
Conjurations   | 2 3 4 |  4.1
Evocations     | 1 2 3 4 5 |  5.3
Fire Magic     | 4 5 6 |  6.6
Stealth        | 3 4 |  4.8
Dodging        | 3 4 |  4.4

Action                   |  1- 3 |  4- 6 |  7- 9 | 10-12 || total
-------------------------+-------+-------+-------+-------++-------
Melee: Unarmed           |     9 |       |       |       ||     9
       Long sword        |     8 |     9 |    24 |       ||    41
       Scimitar          |       |       |     6 |       ||     6
 Cast: Foxfire           |    32 |    21 |     3 |       ||    56
       Scorch            |     8 |    54 |   165 |    18 ||   245
       Flame Wave        |       |       |     2 |     7 ||     9
Evoke: Wand              |       |       |       |     1 ||     1
  Use: Potion            |       |       |       |     3 ||     3
Armor: Robe              |     3 |     4 |    27 |     4 ||    38
Dodge: Dodged            |    25 |    21 |    95 |    17 ||   158
